 Dungeon Crawl Stone Soup version 0.31-a0-1169-gd935f9fcdc (webtiles) character file.

Game seed: 16621980924572193330

38 Baz the Ruffian (level 3, 0/28 HPs)
             Began as a Demonspawn Gladiator on Dec 10, 2023.
             Slain by an adder (2 damage)
             ... on level 2 of the Dungeon.
             The game lasted 00:01:54 (1113 turns).

Baz the Ruffian (Demonspawn Gladiator)              Turns: 1113, Time: 00:01:54

Health: 0/28       AC:  4    Str: 15 (16) XL:     3   Next: 25%
Magic:  3/3        EV: 12    Int:  7 (8)  God:
Gold:   104        SH:  0    Dex: 11 (14) Spells: 2/2 levels left

rFire   . .          .
                       - Unarmed
rCold   . . .        (no shield)
rNeg    . . .        a - +0 leather armour
rPois   +            b - +0 helmet
rElec   .            (no cloak)
rCorr   .            (no gloves)
SInv    .            (no boots)
Will    .....        (no amulet)
Stlth   +            f - ring of poison resistance
HPRegen 0.24/turn    (no ring)
MPRegen 0.08/turn

%: no passive effects
@: lethally poisoned (0 -> -7)
A: demonic guardian 1
a: no special abilities


You were on level 2 of the Dungeon.
You visited 1 branch of the dungeon, and saw 2 of its levels.

You collected 104 gold pieces.

Inventory:

Missiles
 c - 3 throwing nets (quivered)
 d - a javelin
Armour
 a - a +0 leather armour (worn)
 b - a +0 helmet (worn)
Jewellery
 f - a ring of poison resistance (left hand)
Scrolls
 e - a scroll of blinking {unknown}
 g - a scroll of identify {unknown}
 h - a scroll of fog {unknown}
 j - a scroll of revelation {unknown}
Potions
 i - a potion of degeneration


   Skills:
 + Level 2.5 Fighting
 - Level 1.7 Throwing
 + Level 1.1 Armour
 + Level 3.0 Dodging
 + Level 3.0 Unarmed Combat


You had 2 spell levels left.
You didn't know any spells.
Your spell library contained the following spells:

 Spells                   Type           Power      Damage    Failure   Level
 Kiss of Death            Conj/Necr      0%         2d5       50%         1
 Confusing Touch          Hex            0%         N/A       86%         3
 Dispel Undead            Necr           0%         3d6       99%         4


Dungeon Overview and Level Annotations

Branches:
Dungeon (2/15) Zot: 10893

Altars:


Innate Abilities, Weirdness & Mutations

A weak demonic guardian rushes to your aid.


Message History

You barely miss the adder.
You feel sick. The adder completely misses you.
You miss the adder.
You feel sick. The adder barely misses you.
You feel sick. The adder misses you.
You feel sick.
The hobgoblin attacks as it pursues you!
The hobgoblin hits you but does no damage.
The adder attacks as it pursues you! The adder closely misses you.
You feel sick.
A dart slug comes into view.
You feel sick.
You are no longer poisoned.
You miss the adder. The adder closely misses you.
You hit the adder.
The adder is lightly wounded.
The adder closely misses you. The adder barely misses you.
You miss the adder.
The adder is lightly wounded.
The adder barely misses you.
You hit the adder.
The adder is moderately wounded.
The adder bites you.
You are poisoned.
The adder poisons you!
You closely miss the adder.
The adder is moderately wounded.
You feel sick. The adder bites you.
* * * LOW HITPOINT WARNING * * *
It was a potion of degeneration.
There was something very wrong with that liquid.
You feel weakened.
You feel dopey.
You feel clumsy.
You feel sick. The adder bites you.
* * * LOW HITPOINT WARNING * * *
You are lethally poisoned!
The adder poisons you! The adder bites you.
* * * LOW HITPOINT WARNING * * *
A demonic guardian appears!
* * * LOW HITPOINT WARNING * * *
You feel very sick. The adder attacks as it pursues you! The adder bites you.
You die...

.##........# ........$.# #.
#.......##. #. #..........
#.####.##...###
#.#....#......#######
..#.........(g......#
..............#S..#.#
....###...#####.@.#
.........## #5..#
......#..# ..w..#
......#..# .......#
###...#..#........#
......#..+................#
.........#.....##.........#
........##.....##.........#
..................... ....#


You could see an adder, a dart slug (ally target), a hobgoblin and a friendly
shadow imp (summoned).

Vanquished Creatures
  A dart slug (D:1)
  A ball python (D:1)
  2 bats
  6 endoplasms
  2 hobgoblins
  2 jackals (D:1)
  A quokka (D:2)
  5 frilled lizards (D:1)
  4 goblins
  5 kobolds
29 creatures vanquished.

Vanquished Creatures (collateral kills)
  A bat (D:2)
  A jackal (D:1)
2 creatures vanquished.

Grand Total: 31 creatures vanquished

Notes
Turn   | Place    | Note
-------+----------+-------------------------------------------
     0 | D:1      | Baz the Demonspawn Gladiator began the quest for the Orb.
     0 | D:1      | Reached XP level 1. HP: 16/16 MP: 1/1
   142 | D:1      | Gained mutation: A weak demonic guardian rushes to your
                  | aid. [demonic ancestry]
   142 | D:1      | Reached XP level 2. HP: 19/22 MP: 2/2
   811 | D:2      | Reached skill level 1 in Armour
   819 | D:2      | Reached XP level 3. HP: 24/28 MP: 3/3
  1113 | D:2      | Slain by an adder

Illustrated notes

Levels and vault maps discovered:
D:1:      sevenhm_arrival_forest_fort_large_4, layout_basic
D:2:      layout_basic, ebering_ecumenical_altar_petrified

Skill      XL: |  1  2 |
---------------+-------+-----
Dodging        | 3 |  3.0
Unarmed Combat | 3 |  3.0
Armour         | 1 |  1.1
Fighting       | |  2.5
Throwing       | |  1.7

Action                     || total
---------------------------++-------
  Melee: Unarmed           ||   132
         Punch             ||     2
    Use: Potion            ||     1
 Armour: Leather armour    ||    68
  Dodge: Dodged            ||    84

Table legend: (Time is in decaauts)
 A = Elapsed time spent in this place.
 B = Non-inter-level travel time spent in this place.
 C = Inter-level travel time spent in this place.
 D = Time resting spent in this place.
 E = Time spent auto-exploring this place.
 F = Levels seen in this place.
 G = Mean time per level.
                   A        B        C        D        E       F      G
               +--------+--------+--------+--------+--------+-----+--------+
         Total |   1105 |   1068 |     37 |    161 |    629 |   2 |  552.5 |
       Dungeon |   1105 |   1068 |     37 |    161 |    629 |   2 |  552.5 |
               +--------+--------+--------+--------+--------+-----+--------+

Top non-repeatable levels by time:
     D:1: 802 daAuts
     D:2: 303 daAuts
